 Dungeon Crawl Stone Soup version 0.23.1-37-gaa34b87b72 (webtiles) character file.

Game seed: 7544329410682109975

182 GGGomer the Skirmisher (level 5, -10/47 HPs)
             Began as a Minotaur Fighter on Mar 21, 2019.
             Was an Initiate of Nemelex Xobeh.
             Killed from afar by an orc wizard (13 damage)
             ... with a puff of frost
             ... on level 3 of the Dungeon.
             The game lasted 00:05:43 (2023 turns).

GGGomer the Skirmisher (Minotaur Fighter)           Turns: 2023, Time: 00:05:44

Health: -10/47     AC:  8    Str: 21    XL:     5   Next: 35%
Magic:  4/4        EV:  8    Int:  5    God:    Nemelex Xobeh [......]
Gold:   74         SH:  9    Dex: 10    Spells: 4/4 levels left

rFire    . . .     SeeInvis .   a - +0 war axe
rCold    . . .     Gourm    .   c - +0 shield
rNeg     . . .     Faith    .   b - +0 scale mail
rPois    .         Spirit   .   (helmet restricted)
rElec    .         Reflect  .   (no cloak)
rCorr    .         Harm     .   (no gloves)
MR       .....                  k - +0 pair of boots
Stlth    ..........             (no amulet)
HPRegen  0.15/turn              (no ring)
MPRegen  0.09/turn              (no ring)

@: no status effects
A: retaliatory headbutt, horns 2
a: Draw Escape, Draw Destruction, Draw Summoning, Renounce Religion


You were on level 3 of the Dungeon.
You worshipped Nemelex Xobeh.
Nemelex Xobeh was noncommittal.
You were not hungry.

You visited 1 branch of the dungeon, and saw 3 of its levels.

You collected 74 gold pieces.

Inventory:

Hand Weapons
 a - a +0 war axe (weapon)
 t - a +0 hunting sling
Missiles
 l - 2 throwing nets (quivered)
 q - 30 arrows
 u - 24 stones
 v - 27 sling bullets
Armour
 b - a +0 scale mail (worn)
 c - a +0 shield (worn)
 k - a +0 pair of boots (worn)
 m - a +0 troll leather armour
Jewellery
 g - a +5 ring of dexterity {unknown}
 n - an uncursed ring of fire {unknown}
 p - a +3 ring of strength {unknown}
Scrolls
 e - 3 scrolls of remove curse {unknown}
 h - a scroll of teleportation {unknown}
 i - 4 scrolls of identify {unknown}
 j - a scroll of magic mapping {unknown}
 o - a scroll of immolation {unknown}
 r - a scroll of enchant armour {unknown}
Potions
 d - a potion of might
 s - 2 potions of heal wounds {unknown}
Comestibles
 f - 3 rations


   Skills:
 * Level 4.7 Fighting
 * Level 4.4 Axes
 * Level 4.3 Armour
 + Level 0.9 Dodging
 * Level 4.7 Shields


You had 4 spell levels left.
You didn't know any spells.
Your spell library was empty.

Dungeon Overview and Level Annotations

Branches:
Dungeon (3/15)

Altars:
Elyvilon
Gozag
Nemelex Xobeh
Zin


Innate Abilities, Weirdness & Mutations

You reflexively headbutt those who attack you in melee.
You have a pair of horns on your head.


Message History

a +0 dagger; a +0 robe of magic resistance; a bat corpse; an orc corpse a rat corpse You barely miss the orc.
The orc is almost dead.
You closely miss the orc. The orc hits you but does no damage.
You hear some strange, mumbled words.
A puff of frost appears from out of thin air!
The puff of frost hits you but does no damage.
Your shield and scale mail prevent you from hitting the orc.
The orc is severely wounded.
You closely miss something. You block the orc's attack.
Something hits you but does no damage. You block the orc's attack.
You hear some strange, mumbled words.
A puff of frost appears from out of thin air!
The puff of frost hits you.
* * * LOW HITPOINT WARNING * * *
A puff of frost appears from out of thin air!
The puff of frost hits you!
You die...
Your body disappears without a glow.

#...... ####..... .#
#....... .#
#.#....###..#
#@#......#..#
#.#>........#
#.##.#†#.##.#
#.{..)......##.
#.......o..#)...)....
....#########...####.
#. ##..## #. #.[.#
#.. #...##..#


You could see an orc.

Vanquished Creatures
  A jelly (D:2)
  2 orc wizards (D:3)
  An adder (D:2)
  4 gnolls (D:2)
  A worm (D:2)
  A dart slug (D:2)
  4 leopard geckos
  An orc (D:3)
  A ball python (D:2)
  3 bats
  2 bat zombies (D:2)
  2 giant cockroaches (D:2)
  3 goblins
  4 hobgoblins (D:1)
  3 frilled lizards
  5 kobolds
  2 leopard gecko skeletons (D:2)
  3 rats
43 creatures vanquished.

Notes
Turn   | Place    | Note
-------+----------+-------------------------------------------
     0 | D:1      | GGGomer the Minotaur Fighter began the quest for the Orb.
     0 | D:1      | Reached XP level 1. HP: 19/19 MP: 0/0
   406 | D:1      | Reached XP level 2. HP: 27/27 MP: 1/1
  1154 | D:2      | Reached XP level 3. HP: 33/33 MP: 2/2
  1174 | D:2      | Reached XP level 4. HP: 5/41 MP: 3/3
  1531 | D:2      | Found a white marble altar of Elyvilon.
  1655 | D:2      | Found a glowing silver altar of Zin.
  1870 | D:2      | Found an opulent altar of Gozag.
  1871 | D:2      | Found a sparkling altar of Nemelex Xobeh.
  1889 | D:2      | Became a worshipper of Nemelex Xobeh the Trickster
  2005 | D:3      | Reached XP level 5. HP: 35/47 MP: 4/4
  2019 | D:3      | HP: 2/47 [something/puff of frost (6)]
  2023 | D:3      | Killed from afar by an orc wizard

Skill      XL: |  1  2  3  4 |
---------------+-------------+-----
Shields        | 4 |  4.7
Fighting       | 4 |  4.7
Armour         | 4 |  4.3
Axes           | 3 4 |  4.4
Dodging        | |  0.9

Action                   |  1- 3 |  4- 6 || total
-------------------------+-------+-------++-------
Melee: War axe           |    49 |    41 ||    90
       Headbutt          |     5 |     3 ||     8
  Eat: Ration            |     1 |       ||     1
Armor: Scale mail        |    43 |    47 ||    90
Dodge: Dodged            |    28 |    23 ||    51
Block: Shield            |    36 |    40 ||    76
